 Dungeon Crawl Stone Soup version 0.31-a0-4-gefa6de2278 (webtiles) character file.

Game seed: 16816338838329865942

147 Pimp the Trooper (level 5, -3/47 HPs)
             Began as a Hill Orc Fighter on May 4, 2023.
             Slain by an orc
             ... wielding a +0 trident
              (4 damage)
             ... on level 4 of the Dungeon.
             The game lasted 00:05:37 (2419 turns).

Pimp the Trooper (Hill Orc Fighter)                 Turns: 2419, Time: 00:05:39

Health: -3/47      AC:  7    Str: 27    XL:     5   Next: 29%
Magic:  5/5        EV:  9    Int:  8    God:
Gold:   227        SH:  4    Dex: 10    Spells: 4/4 levels left

rFire   . . .        a - +0 war axe
rCold   . . .        c - +0 buckler
rNeg    . . .        b - +0 scale mail
rPois   .            (no helmet)
rElec   .            (no cloak)
rCorr   .            (no gloves)
SInv    .            (no boots)
Will    .....        (no amulet) Stlth
                     f - +6 ring of strength
HPRegen 0.27/turn    (no ring)
MPRegen 0.09/turn

%: no passive effects
@: no status effects
A: no striking features
a: no special abilities


You were on level 4 of the Dungeon.
You visited 1 branch of the dungeon, and saw 4 of its levels.

You collected 227 gold pieces.

Inventory:

Hand Weapons
 a - a +0 war axe (weapon)
Armour
 b - a +0 scale mail (worn)
 c - a +0 buckler (worn)
 q - a +0 plate armour
Jewellery
 f - a +6 ring of strength (left hand)
 n - a ring of wizardry
Scrolls
 g - a scroll of poison {unknown}
 i - 6 scrolls of identify {unknown}
 k - 3 scrolls of enchant armour {unknown}
 l - a scroll of enchant weapon {unknown}
 o - a scroll of amnesia {unknown}
 p - a scroll of teleportation {unknown}
 r - a scroll of blinking {unknown}
Potions
 d - 2 potions of might
 e - a potion of curing {unknown}
 h - a potion of magic {unknown}
 j - a potion of attraction {unknown}
 m - a potion of heal wounds {unknown}


   Skills:
 + Level 4.7 Fighting
 + Level 4.1 Axes
 + Level 4.2 Armour
 + Level 4.3 Shields


You had 4 spell levels left.
You didn't know any spells.
Your spell library contained the following spells:

 Spells                   Type           Power      Damage    Failure   Level
 Blink                    Tloc           0%         N/A       86%         2
 Lesser Beckoning         Tloc           0%         N/A       86%         2
 Momentum Strike          Conj/Tloc      0%         3d8       86%         2
 Gell's Gravitas          Tloc           0%         N/A       97%         3
 Teleport Other           Tloc           0%         N/A       97%         3
 Volatile Blastmotes      Fire/Tloc      0%         2d10      97%         3
 Fulminant Prism          Conj/Hex       0%         3d5       100%        4
 Iskenderun's Mystic Bla  Conj/Tloc      0%         2d3       100%        4
 Lee's Rapid Deconstruct  Erth           0%         3d4*      100%        5


Dungeon Overview and Level Annotations

Branches:
Dungeon (4/15)
 Temple: D:4-7

Altars:
The Shining One


Message History

You block the orc's attack. The giant cockroach barely misses you.
You completely miss the orc priest.
The orc priest threatens, "By the altar or by the axe, you will meet Beogh!"
The orc priest is heavily wounded.
You hit the giant cockroach.
You kill the giant cockroach!
You hit something but do no damage.
The orc priest shouts, "Join the one true god or die!"
The orc priest calls down the wrath of Beogh upon you.
Pain shoots through your body! Something hits you.
The orc hits you from afar with a +0 trident.
The orc barely misses you.
You hear some strange, mumbled words.
A puff of flame appears from out of thin air!
The puff of flame hits you.
The orc priest shouts, "Surrender to Beogh and we'll let you live!"
The orc priest hits you with a +0 hand axe.
You barely miss the orc priest.
The orc priest is heavily wounded.
You hit something but do no damage.
The orc priest mumbles some strange prayers to Beogh against you.
Pain shoots through your body!
* * * LOW HITPOINT WARNING * * *
You hear some strange, mumbled words.
Something tries to affect you, but you resist.
You block the orc's attack.
You hit the orc priest.
The orc priest is almost dead.
You miss something.
The orc priest hits you with a +0 hand axe.
* * * LOW HITPOINT WARNING * * *
Something hits you but does no damage. The orc closely misses you.
The orc priest shouts, "Surrender to Beogh and we'll let you live!"
You slash the orc priest!
You kill the orc priest!
You miss something. You block the orc's attack.
Something hits you but does no damage. Something hits you.
* * * LOW HITPOINT WARNING * * *
The orc hits you from afar with a +0 trident.
You die...

###########
.####.)).......
......{@†......
...............
.......o.......
...............
...............
...............
...............
...............


You could see an orc.

Vanquished Creatures
  2 orc priests (D:4)
  4 adders
  11 dart slugs
  3 ball pythons (D:1)
  9 endoplasms
  A giant cockroach (D:4)
  5 hobgoblins
  2 jackals (D:2)
  6 quokkas
  5 bats
  2 frilled lizards (D:3)
  2 goblins
  5 kobolds (D:1)
  6 rats
63 creatures vanquished.

Notes
Turn   | Place    | Note
-------+----------+-------------------------------------------
     0 | D:1      | Pimp the Hill Orc Fighter began the quest for the Orb.
     0 | D:1      | Reached XP level 1. HP: 19/19 MP: 1/1
   105 | D:1      | Reached XP level 2. HP: 27/27 MP: 2/2
   355 | D:1      | Reached XP level 3. HP: 32/33 MP: 3/3
  1539 | D:2      | Reached XP level 4. HP: 39/40 MP: 4/4
  1548 | D:2      | Found a faded altar of an unknown god.
  2196 | D:3      | Found a glowing golden altar of the Shining One.
  2361 | D:3      | Reached XP level 5. HP: 42/47 MP: 5/5
  2418 | D:4      | HP: 2/47 [orc priest/+0 hand axe (2)]
  2419 | D:4      | Slain by an orc

Illustrated notes

Levels and vault maps discovered:
D:1:      tarquinn_simple_flora_water_a, layout_basic
D:2:      layout_basic, shapermc_ecumenical_altar_starsandcircs,
          nrook_loot_triangle
D:3:      kennysheep_slugbush, layout_rooms, tso_altar
D:4:      layout_basic, zin_purify, trog_ov_bears_minmay, uniq_blork_the_orc,
          uniq_grinder

Skill      XL: |  1  2  3  4 |
---------------+-------------+-----
Axes           | 3 4 |  4.1
Fighting       | 4 |  4.7
Shields        | 4 |  4.3
Armour         | 4 |  4.2

Action                     |  1- 3 |  4- 6 || total
---------------------------+-------+-------++-------
  Melee: War axe           |    83 |    59 ||   142
 Armour: Scale mail        |    39 |    36 ||    75
  Dodge: Dodged            |    35 |    36 ||    71
  Block: Buckler           |    18 |    17 ||    35

Table legend: (Time is in decaauts)
 A = Elapsed time spent in this place.
 B = Non-inter-level travel time spent in this place.
 C = Inter-level travel time spent in this place.
 D = Time resting spent in this place.
 E = Time spent auto-exploring this place.
 F = Levels seen in this place.
 G = Mean time per level.
                   A        B        C        D        E       F      G
               +--------+--------+--------+--------+--------+-----+--------+
         Total |   2478 |   2398 |     80 |    108 |   1781 |   4 |  619.5 |
       Dungeon |   2478 |   2398 |     80 |    108 |   1781 |   4 |  619.5 |
               +--------+--------+--------+--------+--------+-----+--------+

Top non-repeatable levels by time:
     D:1: 1050 daAuts
     D:2: 862 daAuts
     D:3: 553 daAuts
     D:4: 12 daAuts
